 Dungeon Crawl Stone Soup version 0.28.0-53-g5a82cb258f (console) character file.

Game seed: 14287679476447595516

11109 erker the Covert (level 11, 0/67 HPs)
             Began as an Octopode Earth Elementalist on July 22, 2022.
             Was an Initiate of Gozag.
             Slain by Urug
             ... wielding a +5 war axe
              (23 damage)
             ... on level 11 of the Dungeon on July 23, 2022.
             The game lasted 01:01:33 (15638 turns).

erker the Covert (Octopode Earth Elementalist)     Turns: 15638, Time: 01:01:34

Health: 0/67       AC:  1    Str: 14    XL:     11   Next: 72%
Magic:  23/29      EV: 14    Int: 22    God:    Gozag
Gold:   1110       SH:  0    Dex: 12    Spells: 15/22 levels left

rFire   . . .      SeeInvis +   a - +4 rapier (elec)
rCold   . . .      Faith    .   (no shield)
rNeg    . . .      Spirit   .   (helmet restricted)
rPois   +          Reflect  .   (no amulet)
rElec   .          Harm     .   s - ring of see invisible
rCorr   .          Rampage  .   H - +6 ring of strength
Will    .....                   Q - ring of poison resistance
Stlth   +++++.....              R - ring of magical power
HPRegen 0.21/turn               (no ring)
MPRegen 0.21/turn               (no ring)
                                (no ring)
                                (no ring)

@: gold aura
A: almost no armour, amphibious, 8 rings, camouflage 1, gelatinous body 1,
(nimble swimmer 1), tentacles
a: Renounce Religion, Potion Petition, Call Merchant, Bribe Branch


You were on level 11 of the Dungeon.
You worshipped Gozag.
Gozag was most pleased with you.
You visited 2 branches of the dungeon, and saw 13 of its levels.

You collected 2042 gold pieces.
You spent 892 gold pieces at shops.
You paid 40 gold pieces to Gozag.

Inventory:

Hand Weapons
 a - a +4 rapier of electrocution (weapon)
 w - a +3 dagger
 y - a +0 dagger of venom
 A - a +6 great sword of freezing
 B - a +0 rapier
Missiles
 k - 137 stones
 C - 25 poisoned darts (quivered)
Armour
 E - an orb of light
Magical Staves
 b - a staff of earth
 G - a staff of cold
Jewellery
 s - a ring of see invisible (left tentacle)
 H - a +6 ring of strength (right tentacle)
 Q - a ring of poison resistance (on tentacle)
 R - a ring of magical power (on tentacle)
Wands
 p - a wand of digging (6)
 q - a wand of mindburst (8)
 I - a wand of iceblast (13)
Scrolls
 d - 2 scrolls of brand weapon {unknown}
 e - 5 scrolls of magic mapping
 f - 5 scrolls of fear
 i - 3 scrolls of teleportation {unknown}
 r - a scroll of silence {unknown}
 t - 4 scrolls of fog
 x - 2 scrolls of vulnerability {unknown}
 D - 2 scrolls of blinking
 F - a scroll of immolation {unknown}
 L - 3 scrolls of amnesia {unknown}
 S - a scroll of enchant weapon {unknown}
Potions
 c - 3 potions of brilliance
 g - a potion of haste
 h - 6 potions of curing
 m - 2 potions of flight
 n - 2 potions of lignification
 o - a potion of resistance {unknown}
 u - a potion of berserk rage {unknown}
 v - a potion of invisibility {unknown}
 z - a potion of might {unknown}
 K - a potion of ambrosia {unknown}
 N - a potion of heal wounds
 O - a potion of attraction
 P - a potion of mutation
Miscellaneous
 J - a condenser vane
 M - a condenser vane


   Skills:
 + Level 3.4 Fighting
 + Level 5.0 Short Blades
 + Level 3.4 Dodging
 + Level 10.8 Stealth
 - Level 6.0 Spellcasting
 + Level 10.4 Transmutations
 - Level 10.0 Earth Magic


You had 15 spell levels left.
You knew the following spells:

 Your Spells              Type           Power      Damage    Failure   Level
a - Sandblast             Erth           100%       2d20      1%          1
p - Petrify               Tmut/Erth      51%        N/A       1%          4
w - Passwall              Tmut/Erth      42%        N/A       1%          2

Your spell library contained the following spells:

 Spells                   Type           Power      Damage    Failure   Level
 Stone Arrow              Conj/Erth      56%        3d10      3%          3
 Ice Form                 Ice/Tmut       29%        N/A       11%         4
 Static Discharge         Conj/Air       6%         N/A       14%         2
 Dazzling Flash           Conj/Hex       12%        N/A       26%         3
 Frozen Ramparts          Ice            12%        1d3       26%         3
 Dispel Undead            Necr           6%         3d8       65%         4
 Iskenderun's Mystic Bla  Conj/Tloc      6%         2d4       65%         4
 Sticky Flame             Conj/Fire      6%         2d3       65%         4
 Summon Ice Beast         Ice/Summ       6%         N/A       65%         4
 Starburst                Conj/Fire      3%         6d3       100%        6


Dungeon Overview and Level Annotations

Branches:
Dungeon (12/15)            Temple (1/1) D:5            Lair (0/6) D:10
    Orc (0/2) D:9

Altars:
Ashenzari
Cheibriados
Dithmenos
Elyvilon
Fedhas
Gozag
Hepliaklqana
Kikubaaqudgha
Makhleb
Nemelex Xobeh
Okawaru
Qazlal
Ru
Sif Muna
Trog
Uskayaw
Vehumet
Wu Jian
Xom
Yredelemnul
Zin
The Shining One
Beogh
Lugonu

Shops:
D:2 (   D:7 ?   D:10 =(*!

Annotations:
D:11 Urug


Innate Abilities, Weirdness & Mutations

You cannot wear most types of armour.
You are amphibious.
You can wear up to eight rings at the same time.
Your skin changes colour to match your surroundings (Stealth+).
Your rubbery body absorbs attacks. (AC +1, EV +1)
((You are camouflaged when in or above water. (Stealth+)))
You have tentacles for arms and can constrict up to eight enemies at once.


Message History

Press: ? - help, Shift-Dir - straight line, f - yak
Aim: a yak (chance to affect: 71%)
The yak is moving more slowly.
An orc comes into view. It is wielding a +0 dagger.
Urug the Orcish Ballista comes into view.
She is wielding a +5 war axe and wearing a +4 scale mail of fire resistance.
Urug misses you.
You climb upwards.
There is a stone staircase leading down here.
Casting: Petrify (dangerous; 1% risk of failure)
Confirm with . or Enter, or press ? or * to list all spells.
Aiming: Petrify (dangerous; 1% risk of failure)
Press: ? - help, Shift-Dir - straight line, f - yak
Aim: a yak (petrifying slowly, chance to affect: 71%)
Okay, then.
Unknown command.
Unknown command.
Your +4 rapier of electrocution stops crackling.
b - a staff of earth (weapon)
The yak stops moving altogether!
Casting: Petrify (dangerous; 1% risk of failure)
Confirm with . or Enter, or press ? or * to list all spells.
Aiming: Petrify (dangerous; 1% risk of failure)
Press: ? - help, Shift-Dir - straight line, f - Urug
Aim: Urug, wielding a +5 war axe, wearing a +4 scale mail of fire resistance and quivering javelins (chance to affect: 62%)
You feel a surge of power!
Urug is moving more slowly.
Urug hits you with a +5 war axe!!
You feel much better. Urug barely misses you.
You hear the crackle of electricity.
a - a +4 rapier of electrocution (weapon)
Urug misses you.
The helpless yak fails to defend itself.
You stick the yak like a pincushion!!! You squeeze the yak.
The yak is heavily wounded.
Urug hits you with a +5 war axe!!
The helpless yak fails to defend itself.
You spit the yak like a pig!!!
You kill the yak!
Urug hits you with a +5 war axe!!
You die...
Your body crumbles into a pile of gold.

###########
#@$.......#
#o........#
#.........####
#.........'..#####
#.........##......
#.........########
+.........#
#....>....#
########+##


You could see Urug (petrifying).

Vanquished Creatures
  4 two-headed ogres
  A kobold demonologist (D:8)
  An unseen horror (D:11)
  2 trolls (D:11)
  Prince Ribbit (D:9)
  A hornet (D:9)
  A shadow (D:11)
  A wraith (D:8)
  A basilisk (D:11)
  15 yaks (D:11)
  2 wyverns
  A steam dragon (D:8)
  An acid dragon (D:9)
  Duvessa (D:5)
  A water moccasin (D:6)
  2 orc warriors
  A sky beast (D:5)
  2 black bears
  2 ice beasts (D:6)
  3 necrophages
  5 centaurs
  2 ogres
  A phantom (D:7)
  3 kobold brigands
  A bullfrog (D:8)
  A gnoll sergeant (D:9)
  3 scorpions (D:6)
  A wyvern zombie (D:6)
  Dowan (D:5)
  2 water moccasin skeletons (D:5)
  5 wights
  2 howler monkeys
  A crimson imp (D:6)
  5 centaur zombies
  5 hounds
  A jelly (D:6)
  A centaur skeleton (D:6)
  2 gnoll shamans
  4 orc priests
  6 iguanas
  3 orc wizards
  A killer bee zombie (D:9)
  A hound zombie (D:5)
  2 howler monkey zombies
  17 gnolls
  5 adders
  2 white imps
  An adder skeleton (D:5)
  3 worms
  3 dart slugs
  17 orcs
  9 ball pythons
  8 endoplasms
  6 giant cockroaches
  11 goblins
  6 hobgoblins
  3 jackals (D:3)
  2 quokkas (D:1)
  4 bats
  5 frilled lizards
  2 goblin skeletons (D:4)
  2 goblin zombies (D:4)
  2 hobgoblin zombies (D:4)
  16 kobolds
  2 kobold skeletons (D:4)
  2 orc skeletons (D:4)
  An orc zombie (D:4)
  8 rats
240 creatures vanquished.

Vanquished Creatures (others)
  24 plants (D:10)
  3 toadstools (D:7)
27 creatures vanquished.

Grand Total: 267 creatures vanquished

Notes
Turn   | Place    | Note
-------+----------+-------------------------------------------
     0 | D:1      | erker the Octopode Earth Elementalist began the quest for
                  | the Orb.
     0 | D:1      | Reached XP level 1. HP: 11/11 MP: 3/3
   150 | D:1      | Reached XP level 2. HP: 16/17 MP: 0/5
   749 | D:1      | Reached XP level 3. HP: 17/21 MP: 2/6
   822 | D:1      | Found a faded altar of an unknown god.
  1798 | D:2      | Found Jaiguto's Antique Weapon Shoppe.
  1893 | D:2      | Reached skill level 1 in Short Blades
  1893 | D:2      | Reached XP level 4. HP: 27/27 MP: 7/7
  2791 | D:3      | Learned a level 4 spell: Petrify
  2879 | D:3      | Found a hide-covered altar of Uskayaw.
  2980 | D:3      | Reached XP level 5. HP: 31/31 MP: 8/8
  3096 | D:3      | Found an opulent altar of Gozag.
  3347 | D:3      | Became a worshipper of Gozag Ym Sagoz the Greedy
  3757 | D:4      | Found a glowing golden altar of the Shining One.
  4282 | D:4      | Reached XP level 6. HP: 36/36 MP: 9/9
  4824 | D:3      | Learned a level 2 spell: Passwall
  5097 | D:4      | Noticed a necrophage
  5131 | D:4      | Killed a necrophage
  5132 | D:4      | Reached skill level 5 in Earth Magic
  5299 | D:4      | Reached XP level 7. HP: 19/41 MP: 5/10
  5977 | D:5      | Entered Level 5 of the Dungeon
  6075 | D:5      | Found a staircase to the Ecumenical Temple.
  6084 | Temple   | Entered the Ecumenical Temple
  6403 | D:5      | Reached skill level 5 in Transmutations
  6553 | D:5      | Noticed Dowan
  6554 | D:5      | Noticed Duvessa
  6619 | D:5      | Killed Duvessa
  6620 | D:5      | Reached skill level 5 in Stealth
  6620 | D:5      | Reached XP level 8. HP: 38/46 MP: 7/11
  7281 | D:5      | Killed Dowan
  7408 | D:6      | Found an ancient bone altar of Kikubaaqudgha.
  7516 | D:6      | Found a blossoming altar of Fedhas.
  7815 | D:6      | Found a burning altar of Makhleb.
  7970 | D:6      | Reached XP level 9. HP: 51/51 MP: 5/12
  8850 | D:6      | Found a shimmering blue altar of Sif Muna.
  9534 | D:7      | Found a sparkling altar of Nemelex Xobeh.
  9703 | D:7      | Found Cuqout's Magic Scroll Shoppe.
  9706 | D:7      | Bought a scroll of magic mapping for 56 gold pieces
  9706 | D:7      | Bought a scroll of blinking for 120 gold pieces
  9706 | D:7      | Bought a scroll of noise for 16 gold pieces
 10468 | D:8      | Noticed a kobold demonologist
 10485 | D:8      | Noticed a gargoyle
 10487 | D:8      | Killed a kobold demonologist
 10623 | D:8      | Noticed a cyclops
 10645 | D:8      | Found an iron altar of Okawaru.
 10665 | D:8      | Found a snail-covered altar of Cheibriados.
 11038 | D:8      | Reached XP level 10. HP: 36/56 MP: 10/16
 11233 | D:8      | Noticed a two-headed ogre
 11243 | D:8      | Killed a two-headed ogre
 11691 | D:9      | Found a hazy altar of Hepliaklqana.
 11703 | D:9      | Noticed a two-headed ogre
 11716 | D:9      | Killed a two-headed ogre
 11717 | D:9      | Reached skill level 10 in Earth Magic
 11753 | D:9      | Reached skill level 10 in Stealth
 11980 | D:9      | Reached skill level 1 in Fighting
 12027 | D:9      | Found a staircase to the Orcish Mines.
 12042 | D:9      | Noticed Prince Ribbit
 12461 | D:9      | Found a glowing silver altar of Zin.
 12721 | D:9      | Found a stormy altar of Qazlal.
 12894 | D:9      | Killed Prince Ribbit
 13041 | D:10     | Entered Level 10 of the Dungeon
 13073 | D:10     | Found Muduoniaha's Distillery.
 13083 | D:10     | Bought a potion of heal wounds for 75 gold pieces
 13083 | D:10     | Bought a potion of heal wounds for 75 gold pieces
 13083 | D:10     | Bought a potion of attraction for 45 gold pieces
 13129 | D:10     | Found a staircase to the Lair.
 13228 | D:10     | Found Fotit Ysatt's Weapon Boutique.
 13310 | D:10     | Noticed a gargoyle
 13457 | D:10     | Found Iperun's Assorted Antiques.
 13465 | D:10     | Bought a white potion for 25 gold pieces
 13497 | D:10     | Found Syteacs's Jewellery Shoppe.
 13501 | D:10     | Bought a ring of poison resistance for 240 gold pieces
 13501 | D:10     | Bought a ring of magical power for 240 gold pieces
 14276 | D:11     | Reached skill level 10 in Transmutations
 14276 | D:11     | Reached XP level 11. HP: 32/64 MP: 17/17
 14519 | D:11     | Reached skill level 5 in Spellcasting
 14630 | D:11     | Noticed a two-headed ogre
 14648 | D:11     | Noticed a two-headed ogre
 14677 | D:11     | Killed a two-headed ogre
 14864 | D:11     | Killed a two-headed ogre
 15591 | D:11     | Reached skill level 5 in Short Blades
 15630 | D:12     | Noticed Urug
 15638 | D:11     | Slain by Urug

Illustrated notes

Levels and vault maps discovered:
D:1:      heliophobic_arrival_henge, layout_loops_ring,
          hellmonk_ecumenical_altar_defaced_shrine
D:2:      layout_loops_corners, serial_shops, nicolae_shop_trees
D:3:      layout_loops_corners, mainiacjoe_overflow_tiny_flanked,
          lemuel_round_altar, kennysheep_pointless_box
D:4:      layout_basic, nicolae_tso_besieged_by_evil
D:5:      kennysheep_six_static_rooms, layout_basic, minmay_temple_entry_tees,
          uniq_duvessa
D:6:      minmay_evil_eye, layout_loops_ring, general_overflow_altar,
          mainiacjoe_overflow_paths, makhleb_grotto_becter,
          amcnicky_altar_gilded, kennysheep_crisscross, hex_medium,
          grunt_decor_junction
D:7:      layout_loops_cross, nicolae_overflow_crystal_walls, serial_shops,
          nicolae_shop_trees, minmay_gold_behind_fungi
D:8:      layout_loops_cross, mainiacjoe_overflow_catwalk_spiral,
          minmay_diamond_spiral
D:9:      layout_rooms, zin_academy, grunt_qazlal_sundering,
          kennysheep_little_box, orc_0_dummy, serial_glass, glass_columns_b,
          glass_columns_a, uniq_prince_ribbit1
D:10:     layout_roguey, david_lair_shrubbed, serial_shops,
          nicolae_shop_window_shopping, nicolae_shop_bloodbath_and_beyond,
          kennysheep_mini_moat, nicolae_stop_n_shop_2
D:11:     layout_roguey
D:12:     layout_basic, serial_shops, nicolae_take_the_stairs, minivault_16,
          hellmonk_guarded_unrand_staff_of_battle, uniq_urug
Temple:   corrupted_temple

Skill      XL: |  1  2  3  4  5  6  7  8  9 10 11 |
---------------+----------------------------------+-----
Stealth        | 3 4 5 6 7 10 | 10.8
Earth Magic    | 4 5 6 8 9 10 | 10.0
Short Blades   | 1 2 4 5 |  5.0
Transmutations | 2 4 6 7 8 10 | 10.4
Spellcasting   | 4 6 |  6.0
Fighting       | 2 3 |  3.4
Dodging        | 3 |  3.4

Action                   |  1- 3 |  4- 6 |  7- 9 | 10-12 || total
-------------------------+-------+-------+-------+-------++-------
Melee: Unarmed           |    58 |       |       |       ||    58
       Constrict         |    19 |    30 |    28 |    11 ||    88
       Tentacles         |    11 |    16 |    43 |    36 ||   106
       Punch             |     2 |     1 |     3 |     7 ||    13
       Dagger            |    19 |    90 |   119 |    21 ||   249
       Staff             |       |     3 |     2 |       ||     5
       Rapier            |       |       |    17 |   104 ||   121
Throw: Dart              |       |       |       |     4 ||     4
 Cast: Sandblast         |    24 |    44 |    51 |    23 ||   142
       Petrify           |       |     1 |    23 |    43 ||    67
       Passwall          |       |       |    23 |    13 ||    36
Evoke: Wand              |       |       |     3 |       ||     3
  Use: Potion            |       |       |     2 |     1 ||     3
       Scroll            |       |       |       |     7 ||     7
 Stab: Sleeping          |    11 |    18 |    16 |    10 ||    55
       Petrified         |       |       |    38 |    55 ||    93
       Distracted        |       |       |     1 |       ||     1
       Petrifying        |       |       |       |    11 ||    11
Armor: Skin              |     9 |     8 |     3 |     3 ||    23
Dodge: Dodged            |    61 |    42 |    52 |    56 ||   211
